 Dungeon Crawl Stone Soup version 0.29-a0-338-g1ff7896281 (webtiles) character file.

Game seed: 947128278649398800

54 spaghetti the Cutter (level 3, -1/34 HPs)
             Began as a Naga Fighter on Apr 18, 2022.
             Was a Plaything of Xom.
             Slain by an ice beast (5 damage)
             ... on level 3 of the Dungeon.
             The game lasted 00:02:26 (2240 turns).

spaghetti the Cutter (Naga Fighter)                 Turns: 2240, Time: 00:02:26

Health: -1/34      AC:  4    Str: 18    XL:     3   Next: 91%
Magic:  3/3        EV:  7    Int:  8    God:    Xom [..*...]
Gold:   146        SH:  4    Dex: 12    Spells: 2/2 levels left

rFire   . . .      SeeInvis +   f - +0 dagger (venom) {short}
rCold   . . .      Faith    .   c - +0 buckler
rNeg    . . .      Spirit   .   b - +0 scale mail
rPois   +          Reflect  .   (no helmet)
rElec   .          Harm     .   (no cloak)
rCorr   .          Rampage  .   (no gloves)
Will    .....                   (no barding)
Stlth   ..........              (no amulet)
HPRegen 0.11/turn               (no ring)
MPRegen 0.08/turn               (no ring)

@: very slow
A: AC +1, large, see invisible, deformed body, poison resistance, slowness 2,
spit poison 1, naga tail 1
a: Spit Poison, Renounce Religion


You were on level 3 of the Dungeon.
You worshipped Xom.
You were a toy of Xom.
You visited 1 branch of the dungeon, and saw 3 of its levels.

You collected 146 gold pieces.


Innate Abilities, Weirdness & Mutations

Your serpentine skin is tough. (AC +1)
You have supernaturally acute eyesight. (SInv)
Armour fits poorly on your strangely shaped body.
Your system is resistant to poisons. (rPois)
You cover ground very slowly.
You can spit poison.
You have a snake-like lower body.


   Skills:
 - Level 3.0 Fighting
 + Level 4.1 Short Blades
 - Level 2.4 Armour
 - Level 2.4 Shields


You had 2 spell levels left.
You didn't know any spells.
Your spell library contained the following spells:

 Spells                   Type           Power      Damage    Failure   Level
 Iskenderun's Battlesphe  Conj           0%         2d6       100%        5
 Iron Shot                Conj/Erth      0%         9d1       100%        6
 Spellforged Servitor     Conj/Summ      0%         N/A       100%        7

Inventory:

Hand Weapons
 a - a +0 rapier {short}
 f - a +0 dagger of venom (weapon) {short}
   (You took it off a goblin on level 1 of the Dungeon)
Missiles
 k - 61 stones (quivered) {throwing}
 l - 8 javelins {throwing}
 n - 3 boomerangs {throwing}
 q - 3 silver boomerangs {throwing}
Armour
 b - a +0 scale mail (worn)
 c - a +0 buckler (worn)
Scrolls
 e - 2 scrolls of holy word {unknown}
 g - a scroll of teleportation {unknown}
 i - 3 scrolls of identify {unknown}
 p - a scroll of vulnerability {unknown}
 r - a scroll of enchant armour {unknown}
Potions
 d - a potion of might
 h - 2 potions of curing {unknown}
 j - a potion of attraction {unknown}
 m - a potion of magic {unknown}
 o - 2 potions of flight {unknown}

Dungeon Overview and Level Annotations

Branches:
Dungeon (3/15)

Altars:
Xom

#...........#
...........# #
..((......# #[
#....>.....
#.#........
#...bb...
###.bY.# #.. #@b#
#.. #/.#
####..##..+
#........##
#......###
#......# #......#
#......#
#####....).####.#


You could see an ice beast (very poisoned, ally target).


Message History

A bat comes into view.
You block the bat's attack. 😎 HP[+2]
Your hp is fully restored (34).
A bat is nearby!
You hit the bat but do no damage.
The bat is poisoned.
The bat closely misses you.
You closely miss the bat. You block the bat's attack.
No target in view!
No target in view!
No target in view!
No target in view!
No target in view!
No target in view!
No target in view!
No target in view!
No target in view!
You kill the bat!
There is an open door here.
p - a scroll labelled ZOEMU LADEGHI You open the door.
Found a faded altar of an unknown god.
Found a stone staircase leading up.
No target in view!
A ball python comes into view.
The ball python hisses angrily.
There is an open door here.
A ball python is nearby!
You hit the ball python but do no damage.
The ball python bites you but does no damage.
You hit the ball python.
You kill the ball python!
No target in view!
No target in view!
No target in view!
No target in view!
No target in view!
No target in view!
No target in view!
There is a faded altar of an unknown god here.
You cannot tell which god this altar belongs to.
Convert to them anyway?
Xom accepts your prayer! Xom welcomes you!
Xom is fascinated!
Unknown command.
Press < or > to pray at altars.
Unknown command.
Press < or > to pray at altars.
There is a dry fountain here.
q - 3 silver boomerangs {throwing}
i - 3 scrolls labelled FYNUFA JAIMO (gained 1)
There is a dry fountain here.
You open the door.
There is an open door here.
Key pressed, stopping explore.
Key pressed, stopping explore. "How about this?"
Your potion of might falls out of your pack, then immediately jumps back in!
(D) Dungeon
Where to? (Enter - D:2, ? - help)
You see here a +0 hunting sling {sling}.
You see here a +0 short sword {short}.
There is a stone staircase leading down here.
You climb downwards.
There is a stone staircase leading up here.
Key pressed, stopping travel.
Unknown command.
Unknown command.
You now have 146 gold pieces (gained 15).
You open the door.
Key pressed, stopping explore.
r - a scroll labelled VYZOTURPHEU
Found a stone staircase leading down.
No target in view!
An ice beast comes into view.
An ice beast is nearby!
An ice beast is nearby!
An ice beast is nearby!
You see here a wand of polymorph (10).
You hit the ice beast. The ice beast barely misses you.
You hit the ice beast. The ice beast hits you.
The ice beast freezes you! 😮 HP[-14]
You take 14 damage, and now have 20/34 hp.
MASSIVE DAMAGE!! (PAUSE)
An ice beast is nearby!
You hit the ice beast. You hit the ice beast but do no damage.
The ice beast hits you. The ice beast freezes you!
* * * LOW HITPOINT WARNING * * *
A shower of butterflies erupts from you! 😱 HP[-14]
You take 14 damage, and now have 6/34 hp.
MASSIVE DAMAGE!! (PAUSE)
You closely miss the ice beast.
The ice beast hits you but does no damage.
You hit the ice beast but do no damage.
The ice beast is poisoned.
The ice beast hits you.
* * * LOW HITPOINT WARNING * * *
The ice beast freezes you.
You die...
Xom bursts into laughter!

Skill      XL: |  1  2  3 |
---------------+----------+-----
Short Blades   | 3 4 |  4.1
Fighting       | |  3.0
Armour         | |  2.4
Shields        | |  2.4

Action                   || total
-------------------------++-------
Melee: Dagger            ||   120
       Rapier            ||    11
Throw: Stone             ||    22
 Abil: Spit Poison       ||     3
Armor: Scale mail        ||    37
Dodge: Dodged            ||    34
Block: Buckler           ||    20

Levels and vault maps discovered:
D:1:      arrival_zaba_pyramid, layout_basic
D:2:      layout_basic, hellmonk_ecumenical_altar_run_dry,
          nicolae_concentric_dashed_squares_mild
D:3:      layout_basic, kennysheep_generic_room_6, uniq_natasha

Notes
Turn   | Place    | Note
-------+----------+-------------------------------------------
     0 | D:1      | spaghetti the Naga Fighter began the quest for the Orb.
     0 | D:1      | Reached XP level 1. HP: 21/21 MP: 1/1
     0 | D:1      | magus.rc [v1.9.6]
   253 | D:1      | Reached XP level 2. HP: 9/28 MP: 2/2
   590 | D:1      | Reached skill level 3 in Short Blades
  1222 | D:2      | Reached XP level 3. HP: 32/34 MP: 3/3
  1586 | D:2      | Reached skill level 4 in Short Blades
  1825 | D:2      | You pick up a book of Power and begin reading...
  1825 | D:2      | You add the spells Iskenderun's Battlesphere, Iron Shot and
                  | Spellforged Servitor to your library.
  2064 | D:2      | Found a faded altar of an unknown god.
  2073 | D:2      | Prayed at the altar of an unknown god.
  2073 | D:2      | Became a worshipper of Xom of Chaos
  2132 | D:2      | XOM: silly message
  2232 | D:3      | Noticed an ice beast
  2238 | D:3      | HP: 6/34 [ice beast (12)]
  2238 | D:3      | XOM: butterfly on damage
  2240 | D:3      | Slain by an ice beast

Vanquished Creatures
  An adder (D:2)
  A worm (D:2)
  8 endoplasms
  A giant cockroach (D:1)
  5 goblins
  3 hobgoblins
  3 jackals (D:2)
  A quokka (D:1)
  4 ball pythons
  3 bats
  3 frilled lizards
  4 kobolds
  2 rats
39 creatures vanquished.

Table legend:
 A = Non-vault XP
 B = Vault XP
 C = Vault XP percentage of total XP
 D = Non-vault monster count
 E = Vault monster count
 F = Vault count percentage of total count
                 A         B        C        D         E       F
            +---------+---------+-------+---------+---------+-------
      Total |      78 |       0 |   0.0 |      39 |       0 |   0.0
            +---------+---------+-------+---------+---------+-------
        D:1 |      30 |       0 |   0.0 |      18 |       0 |   0.0
        D:2 |      48 |       0 |   0.0 |      21 |       0 |   0.0
            +---------+---------+-------+---------+---------+-------

Illustrated notes

Table legend:
 A = Kills in this place as a percentage of kills in entire the game.
 B = Kills by you in this place as a percentage of kills by you in the entire game.
 C = Kills by friends in this place as a percentage of kills by friends in the entire game.
 D = Other kills in this place as a percentage of other kills in the entire game.
 E = Experience gained in this place as a percentage of experience gained in the entire game.
 F = Experience gained in this place divided by the number of levels of this place that you have seen.
                   A       B       C       D       E      F
               +-------+-------+-------+-------+-------+----------------------
         Total | 100.0 | 100.0 |   N/A |   N/A | 100.0 |  26.0
       Dungeon | 100.0 | 100.0 |   N/A |   N/A | 100.0 |  26.0
               +-------+-------+-------+-------+-------+----------------------

Table legend: (Time is in decaauts)
 A = Elapsed time spent in this place.
 B = Non-inter-level travel time spent in this place.
 C = Inter-level travel time spent in this place.
 D = Time resting spent in this place.
 E = Time spent auto-exploring this place.
 F = Levels seen in this place.
 G = Mean time per level.
                   A        B        C        D        E       F      G
               +--------+--------+--------+--------+--------+-----+--------+
         Total |   2694 |   2582 |    112 |    589 |   1654 |   3 |  898.0 |
       Dungeon |   2694 |   2582 |    112 |    589 |   1654 |   3 |  898.0 |
               +--------+--------+--------+--------+--------+-----+--------+

Top non-repeatable levels by time:
     D:1: 1331 daAuts
     D:2: 1312 daAuts
     D:3: 51 daAuts
